 Dungeon Crawl Stone Soup version 0.27-a0-1177-g245c70e1c0 (webtiles) character file.

Game seed: 14843615152099888556

171 freelancePsychic the Covered (level 5, -2/33 HPs)
             Began as a Gargoyle Fighter on May 16, 2021.
             Splashed by Pikel's acid (12 damage)
             ... on level 5 of the Dungeon.
             The game lasted 00:04:59 (3811 turns).

freelancePsychic the Covered (Gargoyle Fighter)     Turns: 3811, Time: 00:05:00

Health: -2/33      AC: 10    Str: 20    XL:     5   Next: 51%
Magic:  5/5        EV:  7    Int: 15    God:
Gold:   141        SH:  9    Dex:  9    Spells: 4/4 levels left

rFire    . . .     SeeInvis .   a - +0 flail
rCold    . . .     Faith    .   c - +0 kite shield
rNeg     + . .     Spirit   .   b - +0 scale mail
rPois    ∞         Reflect  .   (no helmet)
rElec    +         Harm     .   k - +1 cloak
rCorr    .         Rampage  .   l - +0 pair of gloves
Will     .....                  (no boots)
Stlth    ..........             (no amulet)
HPRegen  0.11/turn              g - +6 ring of intelligence
MPRegen  0.09/turn              (no ring)

@: corroded
A: sickness immunity, AC +4, negative energy resistance 1, electricity
resistance, torment resistance 1, petrification resistance
a: no special abilities


You were on level 5 of the Dungeon.
You visited 1 branch of the dungeon, and saw 5 of its levels.

You collected 141 gold pieces.

Inventory:

Hand Weapons
 a - a +0 flail (weapon)
Armour
 b - a +0 scale mail (worn)
 c - a +0 kite shield (worn)
 k - a +1 cloak (worn)
 l - a +0 pair of gloves (worn)
Jewellery
 g - a +6 ring of intelligence (left hand)
Scrolls
 e - a scroll of teleportation {unknown}
 h - a scroll of immolation {unknown}
 j - a scroll of noise {unknown}
Potions
 d - 3 potions of might
 f - a potion of flight
 i - 3 potions of haste {unknown}


   Skills:
 + Level 4.3 Fighting
 * Level 4.2 Maces & Flails
 + Level 4.3 Armour
 - Level 3.2 Shields


You had 4 spell levels left.
You didn't know any spells.
Your spell library contained the following spells:

 Spells                   Type           Power      Damage    Failure   Level
 Animate Skeleton         Necr           0%         N/A       98%         1
 Apportation              Tloc           0%         N/A       98%         1
 Corona                   Hex            0%         N/A       98%         1
 Summon Small Mammal      Summ           0%         N/A       98%         1


Dungeon Overview and Level Annotations

Branches:
Dungeon (5/15)
 Temple: D:4-7

Altars:

Shops:
D:2 =?(=

Annotations:
D:5 Pikel


Innate Abilities, Weirdness & Mutations

You are immune to sickness and miasma.
Your stone body is resilient. (AC +4)
You are immune to poison.
You resist negative energy. (rN+)
You are resistant to electric shocks. (rElec)
You are resistant to unholy torment.
You are immune to petrification.


Message History

Found 13 arrows.
An ogre comes into view. It is wielding a +0 giant spiked club.
The ogre shouts!
There is a stone staircase leading down here.
You climb downwards.
A lemure comes into view.
The lemure shouts!
You hear a shout!
There is a stone staircase leading up here.
As you open the door, it creaks loudly!
A worm, 2 lemures and Pikel come into view.
Pikel is wielding a +2 whip of electrocution and carrying a wand of acid (11).
The lemure shouts!
You close the door.
You hit the lemure but do no damage. You block the lemure's attack.
A lemure opens the door.
You sock the lemure!
The lemure is heavily wounded.
You block the lemure's attack. x2; The lemure barely misses you.
You sock the lemure!
The lemure is severely wounded.
The lemure hits you but does no damage. The lemure hits you.
You closely miss the lemure.
The lemure is severely wounded.
You block the lemure's attack. Pikel hits you but does no damage.
You block the lemure's attack.
You barely miss the lemure.
The lemure is severely wounded.
You block Pikel's attack. The lemure hits you but does no damage.
You hit the lemure.
The lemure is almost dead.
You block Pikel's attack. You block the lemure's attack.
Pikel says, "I just want to get paid!"
Pikel hits you with a +2 whip of electrocution.
You sock the lemure!
You kill the lemure!
That felt strangely unrewarding.
Pikel hits you with a +2 whip of electrocution.
Pikel zaps a wand.
The bolt of acid hits you! The acid corrodes you!
You are splashed with acid!
You die...

### .... .....
########......
#..K.w5'5.....
##.#####......
#@# ..... #.#
#... #.# ##
#.# ##.#####.
#<.....5.#
##.####### #.#
#.#


You could see Pikel.

Vanquished Creatures
  A lemure (D:5)
  A centaur skeleton (D:4)
  A hound skeleton (D:4)
  3 gnolls
  2 adders (D:2)
  2 dart slugs
  6 orcs (D:3)
  2 bats
  6 endoplasms
  4 giant cockroaches
  8 goblins
  8 hobgoblins
  3 jackals (D:1)
  3 kobolds
  3 quokkas
  9 ball pythons
  3 frilled lizards
  4 rats
69 creatures vanquished.

Notes
Turn   | Place    | Note
-------+----------+-------------------------------------------
     0 | D:1      | freelancePsychic the Gargoyle Fighter began the quest for
                  | the Orb.
     0 | D:1      | Reached XP level 1. HP: 14/14 MP: 1/1
   189 | D:1      | Reached XP level 2. HP: 9/19 MP: 2/2
   924 | D:1      | Reached XP level 3. HP: 17/23 MP: 3/3
  1655 | D:2      | Found Vih Viy's Jewellery Emporium.
  1671 | D:2      | Reached XP level 4. HP: 25/29 MP: 4/4
  1751 | D:2      | Found Oqyeniq's Jewellery Boutique.
  1773 | D:2      | Found Izaqeeg's Magic Scroll Shop.
  1862 | D:2      | Found Qiross's Antique Weapon Boutique.
  1967 | D:3      | Found a faded altar of an unknown god.
  3052 | D:4      | Reached XP level 5. HP: 27/33 MP: 5/5
  3772 | D:4      | Noticed an ogre
  3785 | D:5      | Entered Level 5 of the Dungeon
  3785 | D:5      | Noticed a lemure
  3798 | D:5      | Noticed Pikel
  3798 | D:5      | Noticed a lemure
  3798 | D:5      | Noticed a lemure
  3801 | D:5      | Noticed a lemure
  3806 | D:5      | Killed a lemure
  3811 | D:5      | Splashed by Pikel's acid

Illustrated notes

Levels and vault maps discovered:
D:1:      scummos_arrival_forest, layout_basic
D:2:      layout_rooms, serial_shops, shop_statue, nicolae_shop_stone, shop,
          nicolae_shop_temple_entry_statues_fountains
D:3:      layout_basic, hellmonk_ecumenical_altar_arch_garden,
          interstate_on_off, dk_noncrumbling_4, minmay_between
D:4:      layout_rooms
D:5:      layout_basic, kennysheep_okawaru_gauntlet, uniq_edmund, uniq_pikel,
          uniq_duvessa

Skill      XL: |  1  2  3  4  5 |
---------------+----------------+-----
Maces & Flails | 3 4 |  4.2
Fighting       | 4 |  4.3
Armour         | 4 |  4.3
Shields        | |  3.2

Action                   |  1- 3 |  4- 6 || total
-------------------------+-------+-------++-------
Melee: Flail             |   132 |   144 ||   276
  Use: Scroll            |       |     2 ||     2
Armor: Scale mail        |    77 |   137 ||   214
Dodge: Dodged            |    39 |    76 ||   115
Block: Kite shield       |    84 |   105 ||   189

Table legend: (Time is in decaauts)
 A = Elapsed time spent in this place.
 B = Non-inter-level travel time spent in this place.
 C = Inter-level travel time spent in this place.
 D = Time resting spent in this place.
 E = Time spent auto-exploring this place.
 F = Levels seen in this place.
 G = Mean time per level.
                   A        B        C        D        E       F      G
               +--------+--------+--------+--------+--------+-----+--------+
         Total |   3947 |   3881 |     66 |    287 |   2912 |   5 |  789.4 |
       Dungeon |   3947 |   3881 |     66 |    287 |   2912 |   5 |  789.4 |
               +--------+--------+--------+--------+--------+-----+--------+

Top non-repeatable levels by time:
     D:3: 1435 daAuts
     D:1: 1335 daAuts
     D:2: 696 daAuts
     D:4: 450 daAuts
     D:5: 28 daAuts
